| TOP OF THE 1ST |
|
Winter Haven Sun Sox batting - Pitching for Dunedin Blue Jays : RHP Bengie Biggus
|
|
Pitching: RHP Bengie Biggus
|
|
|
Batting: LHB Don Carter
|
0-0: Ball 1-0: Ball 2-0: Called Strike 2-1: Ball 3-1: Base on Balls
|
|
Batting: RHB Augie Schmidt
|
0-0: Swinging Strike 0-1: Foul Ball, location: 2F 0-2: Ball 1-2: Foul Ball, location: 2F 1-2: Grounds into double play, 5-4-3 (Groundball, 56, EV 106.9 MPH)
|
|
Batting: RHB Sam Sorce
|
0-0: Called Strike 0-1: Ground out 4-3 (Groundball, 4, EV 93.8 MPH)
|
| Top of the 1st over - 0 runs, 0 hits, 0 errors, 0 left on base; Winter Haven 0 - Dunedin 0 |
| BOTTOM OF THE 1ST |
|
Dunedin Blue Jays batting - Pitching for Winter Haven Sun Sox : RHP Rafael Pimentel
|
|
Pitching: RHP Rafael Pimentel
|
|
|
Batting: SHB Dave Owen
|
0-0: Called Strike 0-1: Ball 1-1: Foul Ball, location: 2F 1-2: Ball 2-2: Fly out, F6 (Flyball, 56D, EV 88.8 MPH)
|
|
Batting: LHB Gary Fulton
|
0-0: Foul Ball, location: 2F 0-1: Called Strike 0-2: Ball 1-2: Ball 2-2: Ball 3-2: Ground out 6-3 (Groundball, 6MD, EV 103.1 MPH)
|
|
Batting: RHB Dale Berra
|
0-0: Ball 1-0: Foul Ball, location: 2F 1-1: Ground out 1-3 (Groundball, 15S, EV 71.3 MPH)
|
| Bottom of the 1st over - 0 runs, 0 hits, 0 errors, 0 left on base; Winter Haven 0 - Dunedin 0 |
| TOP OF THE 2ND |
|
Winter Haven Sun Sox batting - Pitching for Dunedin Blue Jays : RHP Bengie Biggus
|
|
Batting: LHB John Heller
|
0-0: Ball 1-0: Ground out 5-3 (Groundball, 5, EV 103.1 MPH)
|
|
Batting: RHB Takashi Upshur
|
0-0: Ball 1-0: Called Strike 1-1: DOUBLE (Flyball, 78D, EV 93.8 MPH)
|
|
Pitching: RHP Jim Adamczak
|
|
|
Batting: RHB Stephen Rhodes
|
0-0: Fly out, F9 (Flyball, 89XD, EV 98.1 MPH) Runner from 2nd tags up, SAFE at 3rd, no throw by RF
|
|
Batting: RHB Domingo Ramos
|
0-0: Fly out, F7 (Flyball, 78S, EV 89.4 MPH)
|
| Top of the 2nd over - 0 runs, 1 hit, 0 errors, 1 left on base; Winter Haven 0 - Dunedin 0 |
| BOTTOM OF THE 2ND |
|
Dunedin Blue Jays batting - Pitching for Winter Haven Sun Sox : RHP Rafael Pimentel
|
|
Batting: RHB Jose Canseco
|
0-0: Called Strike 0-1: Foul Ball, location: 2F 0-2: Ball 1-2: Ball 2-2: Fly out, F8 (Flyball, 8RD, EV 91.3 MPH)
|
|
Batting: RHB Wil Culmer
|
0-0: Called Strike 0-1: Foul Ball, location: 2F 0-2: Ball 1-2: Ball 2-2: Ball 3-2: Ground out 6-3 (Groundball, 6, EV 83.8 MPH)
|
|
Batting: RHB Rich Murray
|
0-0: Ball 1-0: Foul Ball, location: 2F 1-1: Ball 2-1: Called Strike 2-2: Foul Ball, location: 2F 2-2: Strikes out swinging
|
| Bottom of the 2nd over - 0 runs, 0 hits, 0 errors, 0 left on base; Winter Haven 0 - Dunedin 0 |
| TOP OF THE 3RD |
|
Winter Haven Sun Sox batting - Pitching for Dunedin Blue Jays : RHP Jim Adamczak
|
|
Batting: RHB Jose Marcano
|
0-0: Ground out 5-3 (Groundball, 15, EV 86.9 MPH)
|
|
Batting: RHB Tony Flores
|
0-0: Called Strike 0-1: Foul Ball, location: 2F 0-2: Ball 1-2: Foul Ball, location: 2F 1-2: DOUBLE (Flyball, 89D, EV 90.0 MPH)
|
|
Batting: LHB Don Carter
|
0-0: Ball 1-0: Ball 2-0: Called Strike 2-1: Ground out 5-3 (Groundball, 25, EV 78.1 MPH)
|
|
Batting: RHB Augie Schmidt
|
0-0: Swinging Strike 0-1: Fly out, F4 (Popup, 3S, EV 90.0 MPH)
|
| Top of the 3rd over - 0 runs, 1 hit, 0 errors, 1 left on base; Winter Haven 0 - Dunedin 0 |
| BOTTOM OF THE 3RD |
|
Dunedin Blue Jays batting - Pitching for Winter Haven Sun Sox : RHP Rafael Pimentel
|
|
Batting: RHB Eugene Pallavicini
|
0-0: Foul Ball, location: 2F 0-1: Ball 1-1: Fly out, F9 (Flyball, 9, EV 83.8 MPH)
|
|
Batting: RHB Dann Bilardello
|
0-0: Ball 1-0: SINGLE (Flyball, 5D, EV 88.8 MPH)
|
|
Batting: RHB Mario Ramirez
|
0-0: Ball 1-0: Called Strike 1-1: Swinging Strike 1-2: Strikes out swinging
|
|
Batting: SHB Dave Owen
|
0-0: Called Strike 0-1: Foul Ball, location: 2F 0-2: Ball 1-2: Ball 2-2: Foul Ball, location: 2F 2-2: Strikes out swinging
|
| Bottom of the 3rd over - 0 runs, 1 hit, 0 errors, 1 left on base; Winter Haven 0 - Dunedin 0 |
| TOP OF THE 4TH |
|
Winter Haven Sun Sox batting - Pitching for Dunedin Blue Jays : RHP Jim Adamczak
|
|
Batting: RHB Sam Sorce
|
0-0: Called Strike 0-1: Ball 1-1: Ground out 6-3 (Groundball, 6, EV 90.0 MPH)
|
|
Batting: LHB John Heller
|
0-0: Ball 1-0: TRIPLE (Flyball, 89XD, EV 103.8 MPH)
|
|
Batting: RHB Takashi Upshur
|
0-0: Ball Wild Pitch! John Heller scores 1-0: Foul Ball, location: 2F 1-1: Fly out, F8 (Line Drive, 8RM, EV 86.9 MPH)
|
|
Batting: RHB Stephen Rhodes
|
0-0: Foul Ball, location: 2F 0-1: Swinging Strike 0-2: Ball 1-2: Foul Ball, location: 2F 1-2: Foul Ball, location: 2F 1-2: Fly out, F3 (Line Drive, 3, EV 66.9 MPH)
|
| Top of the 4th over - 1 run, 1 hit, 0 errors, 0 left on base; Winter Haven 1 - Dunedin 0 |
| BOTTOM OF THE 4TH |
|
Dunedin Blue Jays batting - Pitching for Winter Haven Sun Sox : RHP Rafael Pimentel
|
|
Batting: LHB Gary Fulton
|
0-0: Ball 1-0: Called Strike 1-1: Foul Ball, location: 2F 1-2: Ball 2-2: Foul Ball, location: 2F 2-2: Strikes out looking
|
|
Batting: RHB Dale Berra
|
0-0: Ground out 4-3 (Groundball, 4, EV 106.3 MPH)
|
|
Batting: RHB Jose Canseco
|
0-0: Ball 1-0: Ball 2-0: Ball 3-0: Called Strike 3-1: Swinging Strike 3-2: Strikes out swinging
|
| Bottom of the 4th over - 0 runs, 0 hits, 0 errors, 0 left on base; Winter Haven 1 - Dunedin 0 |
| TOP OF THE 5TH |
|
Winter Haven Sun Sox batting - Pitching for Dunedin Blue Jays : RHP Jim Adamczak
|
|
Batting: RHB Domingo Ramos
|
0-0: Ball 1-0: Swinging Strike 1-1: Ball 2-1: Foul Ball, location: 2F 2-2: Ball 3-2: Foul Ball, location: 2F 3-2: Foul Ball, location: 2F 3-2: Fly out, F5 (Popup, 56S, EV 68.1 MPH)
|
|
Batting: RHB Jose Marcano
|
0-0: Ball 1-0: Called Strike 1-1: Swinging Strike 1-2: Strikes out swinging
|
|
Batting: RHB Tony Flores
|
0-0: Ball 1-0: Foul Ball, location: 2F 1-1: Foul Ball, location: 2F 1-2: Ball 2-2: Strikes out swinging
|
| Top of the 5th over - 0 runs, 0 hits, 0 errors, 0 left on base; Winter Haven 1 - Dunedin 0 |
| BOTTOM OF THE 5TH |
|
Dunedin Blue Jays batting - Pitching for Winter Haven Sun Sox : RHP Rafael Pimentel
|
|
Batting: RHB Wil Culmer
|
0-0: Ball 1-0: Foul Ball, location: 2F 1-1: Fly out, F4 (Popup, 4, EV 73.1 MPH)
|
|
Batting: RHB Rich Murray
|
0-0: Called Strike 0-1: Ball 1-1: Swinging Strike 1-2: Ball 2-2: Ground out 5-3 (Groundball, 5S, EV 85.6 MPH)
|
|
Batting: RHB Eugene Pallavicini
|
0-0: Called Strike 0-1: Ball 1-1: SINGLE (Groundball, 6MD, EV 104.4 MPH)
|
|
Batting: RHB Dann Bilardello
|
0-0: Called Strike 0-1: Ball 1-1: Ball 2-1: Foul Ball, location: 2F 2-2: Strikes out looking
|
| Bottom of the 5th over - 0 runs, 1 hit, 0 errors, 1 left on base; Winter Haven 1 - Dunedin 0 |
| TOP OF THE 6TH |
|
Winter Haven Sun Sox batting - Pitching for Dunedin Blue Jays : RHP Jim Adamczak
|
|
Batting: LHB Don Carter
|
0-0: Fly out, F6 (Line Drive, 6, EV 67.5 MPH)
|
|
Batting: RHB Augie Schmidt
|
0-0: Swinging Strike 0-1: Swinging Strike 0-2: DOUBLE (Line Drive, 89M, EV 93.1 MPH)
|
|
Batting: RHB Sam Sorce
|
0-0: Ball 1-0: Foul Ball, location: 2F 1-1: Foul Ball, location: 2F 1-2: Foul Ball, location: 2F 1-2: Foul Ball, location: 2F 1-2: Foul Ball, location: 2F 1-2: Ball 2-2: Ground out U3 (Groundball, 3, EV 106.3 MPH) Augie Schmidt to third
|
|
Batting: LHB John Heller
|
0-0: Called Strike 0-1: Reached on error, E5 (Groundball, 56, EV 85.6 MPH) Augie Schmidt scores
|
|
Batting: RHB Takashi Upshur
|
0-0: Called Strike 0-1: SINGLE (Groundball, 34D, EV 95.0 MPH) John Heller to second Runner from 2nd tries for 3rd, SAFE, throw by RF made to third
|
|
Batting: RHB Stephen Rhodes
|
0-0: Ball 1-0: Called Strike 1-1: Ball 2-1: Ball 3-1: Foul Ball, location: 2F 3-2: Base on Balls Takashi Upshur to second
|
|
Batting: RHB Domingo Ramos
|
0-0: Ball Wild Pitch! John Heller scores Takashi Upshur to third Stephen Rhodes to second 1-0: Ground out 6-3 (Groundball, 6M, EV 89.4 MPH)
|
| Top of the 6th over - 2 runs, 2 hits, 1 error, 2 left on base; Winter Haven 3 - Dunedin 0 |
| BOTTOM OF THE 6TH |
|
Dunedin Blue Jays batting - Pitching for Winter Haven Sun Sox : RHP Rafael Pimentel
|
|
Batting: RHB Mario Ramirez
|
0-0: Ground out 5-3 (Groundball, 5, EV 85.0 MPH)
|
|
Batting: SHB Dave Owen
|
0-0: Ball 1-0: Called Strike 1-1: Called Strike 1-2: Ball 2-2: SINGLE (Groundball, 4D, EV 103.1 MPH)
|
|
Batting: LHB Gary Fulton
|
0-0: Ball Dave Owen is caught stealing 2nd base 2-6 1-0: Swinging Strike 1-1: Ball 2-1: Swinging Strike 2-2: Foul Ball, location: 2F 2-2: Ball 3-2: Base on Balls
|
|
Batting: RHB Dale Berra
|
0-0: Swinging Strike 0-1: Ball 1-1: Called Strike 1-2: Fly out, F7 (Flyball, 78M, EV 90.6 MPH)
|
| Bottom of the 6th over - 0 runs, 1 hit, 0 errors, 1 left on base; Winter Haven 3 - Dunedin 0 |
| TOP OF THE 7TH |
|
Winter Haven Sun Sox batting - Pitching for Dunedin Blue Jays : RHP Jim Adamczak
|
|
Pitching: RHP Roger Doubleday
|
|
|
Batting: RHB Jose Marcano
|
0-0: Ball 1-0: Called Strike 1-1: Ball 2-1: Foul Ball, location: 2F 2-2: Ball 3-2: Base on Balls
|
|
Batting: RHB Tony Flores
|
0-0: Foul Ball, location: 2F 0-1: Swinging Strike Jose Marcano is caught stealing 2nd base 2-4 0-2: Ball 1-2: Ball 2-2: Ball 3-2: Ground out 4-3 (Groundball, 34, EV 84.4 MPH)
|
|
Batting: LHB Don Carter
|
0-0: Called Strike 0-1: Called Strike 0-2: Fly out, F7 (Flyball, 7D, EV 100.0 MPH)
|
| Top of the 7th over - 0 runs, 0 hits, 0 errors, 0 left on base; Winter Haven 3 - Dunedin 0 |
| BOTTOM OF THE 7TH |
|
Dunedin Blue Jays batting - Pitching for Winter Haven Sun Sox : RHP Rafael Pimentel
|
|
Batting: RHB Jose Canseco
|
0-0: Called Strike 0-1: Fly out, F8 (Flyball, 78D, EV 85.6 MPH)
|
|
Batting: RHB Wil Culmer
|
0-0: Ball 1-0: Fly out, F4 (Popup, 4MD, EV 73.1 MPH)
|
|
Batting: RHB Rich Murray
|
0-0: Foul Ball, location: 2F 0-1: Ball 1-1: DOUBLE (Groundball, 5L, EV 97.5 MPH)
|
|
Batting: RHB Eugene Pallavicini
|
0-0: Ball 1-0: Called Strike 1-1: Called Strike 1-2: Ball 2-2: Ball 3-2: Foul Ball, location: 2F 3-2: Base on Balls
|
|
Batting: RHB Dann Bilardello
|
0-0: Ball 1-0: Ground out 3-1 (Groundball, 34, EV 98.1 MPH)
|
| Bottom of the 7th over - 0 runs, 1 hit, 0 errors, 2 left on base; Winter Haven 3 - Dunedin 0 |
| TOP OF THE 8TH |
|
Winter Haven Sun Sox batting - Pitching for Dunedin Blue Jays : RHP Roger Doubleday
|
|
Batting: RHB Augie Schmidt
|
0-0: Ball 1-0: Ball 2-0: Called Strike 2-1: Foul Ball, location: 2F 2-2: SINGLE (Groundball, 5S, EV 72.5 MPH) (infield hit)
|
|
Batting: RHB Sam Sorce
|
0-0: Called Strike 0-1: Ball 1-1: Foul Ball, location: 2F 1-2: Foul Ball, location: 2F 1-2: Ball 2-2: Ball 3-2: Foul Ball, location: 2F 3-2: Base on Balls Augie Schmidt to second
|
|
Batting: LHB John Heller
|
0-0: Called Strike 0-1: Fly out, F9 (Flyball, 9LS, EV 85.0 MPH)
|
|
Batting: RHB Takashi Upshur
|
0-0: Swinging Strike 0-1: Ball 1-1: Ball 2-1: Fielders Choice at 2nd, 5-4 (Groundball, 56S, EV 84.4 MPH) Augie Schmidt to third
|
|
Batting: RHB Stephen Rhodes
|
0-0: Called Strike 0-1: Ball 1-1: SINGLE (Line Drive, 8RS, EV 86.9 MPH) Augie Schmidt scores Takashi Upshur to second Runner from 2nd tries for 3rd, SAFE, throw by CF made to third
|
|
Batting: RHB Domingo Ramos
|
0-0: SINGLE (Groundball, 6MD, EV 95.0 MPH) Takashi Upshur scores Stephen Rhodes to second Runner from 2nd tries for 3rd, SAFE, throw by CF made to third
|
|
Batting: RHB Jose Marcano
|
0-0: Foul Ball, location: 2F 0-1: Foul Ball, location: 2F 0-2: Ball 1-2: SINGLE (Groundball, 4S, EV 74.4 MPH) (infield hit) Stephen Rhodes scores Domingo Ramos to second
|
|
Batting: RHB Tony Flores
|
0-0: Called Strike 0-1: Ball 1-1: Ground out 5-3 (Groundball, 56, EV 89.4 MPH)
|
| Top of the 8th over - 3 runs, 4 hits, 0 errors, 2 left on base; Winter Haven 6 - Dunedin 0 |
| BOTTOM OF THE 8TH |
|
Dunedin Blue Jays batting - Pitching for Winter Haven Sun Sox : RHP Rafael Pimentel
|
|
Batting: RHB Mario Ramirez
|
0-0: Ball 1-0: Called Strike 1-1: Ball 2-1: Ball 3-1: Foul Ball, location: 2F 3-2: Strikes out swinging
|
|
Batting: SHB Dave Owen
|
0-0: Ball 1-0: Ball 2-0: Foul Ball, location: 2F 2-1: Called Strike 2-2: DOUBLE (Line Drive, 7LD, EV 109.4 MPH)
|
|
Batting: LHB Gary Fulton
|
0-0: Ball 1-0: Ball 2-0: Foul Ball, location: 2F 2-1: SINGLE (Popup, 4D, EV 51.3 MPH) Dave Owen to third
|
|
Batting: RHB Dale Berra
|
0-0: SINGLE (Groundball, 6D, EV 99.4 MPH) Dave Owen scores Gary Fulton to second
|
|
Batting: RHB Jose Canseco
|
0-0: Called Strike 0-1: Fly out, F4 (Flyball, 34D, EV 88.8 MPH)
|
|
Batting: RHB Wil Culmer
|
0-0: Fly out, F8 (Line Drive, 8LM, EV 101.9 MPH)
|
| Bottom of the 8th over - 1 run, 3 hits, 0 errors, 2 left on base; Winter Haven 6 - Dunedin 1 |
| TOP OF THE 9TH |
|
Winter Haven Sun Sox batting - Pitching for Dunedin Blue Jays : RHP Roger Doubleday
|
|
Batting: LHB Don Carter
|
0-0: Ball 1-0: Ball 2-0: Foul Ball, location: 2F 2-1: Foul Ball, location: 2F 2-2: Ball 3-2: Ground out 5-3 (Groundball, 15, EV 79.4 MPH)
|
|
Batting: RHB Augie Schmidt
|
0-0: Ball 1-0: Foul Ball, location: 2F 1-1: Swinging Strike 1-2: Strikes out swinging
|
|
Batting: RHB Sam Sorce
|
0-0: Called Strike 0-1: Ball 1-1: Ball 2-1: Called Strike 2-2: SINGLE (Groundball, 56D, EV 95.6 MPH)
|
|
Batting: LHB John Heller
|
0-0: Ball 1-0: Ball 2-0: Ball 3-0: Called Strike 3-1: Ground out 4-3 (Groundball, 34, EV 87.5 MPH)
|
| Top of the 9th over - 0 runs, 1 hit, 0 errors, 1 left on base; Winter Haven 6 - Dunedin 1 |
| BOTTOM OF THE 9TH |
|
Dunedin Blue Jays batting - Pitching for Winter Haven Sun Sox : RHP Rafael Pimentel
|
|
Batting: RHB Rich Murray
|
0-0: Fly out, F8 (Flyball, 8RD, EV 101.3 MPH)
|
|
Batting: RHB Eugene Pallavicini
|
0-0: Called Strike 0-1: Foul Ball, location: 2F 0-2: Ball 1-2: SINGLE (Line Drive, 9S, EV 96.3 MPH)
|
|
Batting: RHB Dann Bilardello
|
0-0: SINGLE (Line Drive, 89M, EV 97.5 MPH) Eugene Pallavicini to second
|
|
Batting: RHB Mario Ramirez
|
0-0: Foul Ball, location: 2F 0-1: Ball 1-1: Ball 2-1: Ball 3-1: Foul Ball, location: 2F 3-2: Fielders Choice at 2nd, 5-4 (Groundball, 56, EV 87.5 MPH) Eugene Pallavicini to third
|
|
Pitching: RHP Luis Soriano
|
|
|
Batting: SHB Dave Owen
|
0-0: Ball 1-0: Ball 2-0: Ball 3-0: Base on Balls Mario Ramirez to second
|
|
Batting: LHB Gary Fulton
|
0-0: Ball 1-0: Ball 2-0: Called Strike 2-1: Foul Ball, location: 2F 2-2: Ball 3-2: Base on Balls Eugene Pallavicini scores Mario Ramirez to third Dave Owen to second
|
|
Pitching: RHP Brian Monahan
|
|
|
Batting: RHB Dale Berra
|
0-0: Ball 1-0: Called Strike 1-1: Called Strike 1-2: Ball 2-2: Ball 3-2: Foul Ball, location: 2F 3-2: GRAND SLAM HOME RUN (Flyball, 7D, EV 87.5 MPH), Distance : 382 ft
|
|
Batting: RHB Jose Canseco
|
0-0: Fly out, F8 (Flyball, 8RD, EV 95.0 MPH)
|
| Bottom of the 9th over - 5 runs, 3 hits, 0 errors, 0 left on base; Winter Haven 6 - Dunedin 6 |
| TOP OF THE 10TH |
|
Winter Haven Sun Sox batting - Pitching for Dunedin Blue Jays : RHP Roger Doubleday
|
|
Pitching: LHP Carlos A Diaz
|
|
|
Batting: RHB Takashi Upshur
|
0-0: Foul Ball, location: 2F 0-1: Ball 1-1: Ground out 6-3 (Groundball, 6, EV 83.8 MPH)
|
|
Batting: RHB Stephen Rhodes
|
0-0: Ball 1-0: Ball 2-0: Foul Ball, location: 2F 2-1: Foul Ball, location: 2F 2-2: Foul Ball, location: 2F 2-2: Fly out, F9 (Flyball, 9LS, EV 90.6 MPH)
|
|
Batting: RHB Domingo Ramos
|
0-0: Called Strike 0-1: Ball 1-1: Called Strike 1-2: Strikes out swinging
|
| Top of the 10th over - 0 runs, 0 hits, 0 errors, 0 left on base; Winter Haven 6 - Dunedin 6 |
| BOTTOM OF THE 10TH |
|
Dunedin Blue Jays batting - Pitching for Winter Haven Sun Sox : RHP Brian Monahan
|
|
Batting: LHB Monte McAbee
|
0-0: Ball 1-0: Called Strike 1-1: Swinging Strike 1-2: Foul Ball, location: 2F 1-2: Foul Ball, location: 2F 1-2: Ball 2-2: Ball 3-2: SINGLE (Groundball, 25, EV 68.1 MPH) (infield hit)
|
|
Batting: RHB Rich Murray
|
0-0: Ball 1-0: Ball 2-0: 2-RUN HOME RUN (Flyball, 7LD, EV 103.8 MPH), Distance : 366 ft
|
| Bottom of the 10th over - 2 runs, 2 hits, 0 errors, 0 left on base; Winter Haven 6 - Dunedin 8 |
|